 Dungeon Crawl Stone Soup version 0.25.1-8-g42b30a86e7 (webtiles) character file.

Game seed: 13593738907912982819

675 hehateme the Skirmisher (level 7, 0/48 HPs)
             Began as a Kobold Fighter on Dec 15, 2020.
             Slain by Blork the big kobold
             ... wielding a +0 flail
              (5 damage)
             ... on level 5 of the Dungeon.
             The game lasted 00:09:00 (5961 turns).

hehateme the Skirmisher (Kobold Fighter)            Turns: 5961, Time: 00:09:00

Health: 0/48       AC:  7    Str: 15    XL:     7   Next: 91%
Magic:  7/7        EV:  8    Int:  9    God:
Gold:   181        SH: 10    Dex: 15    Spells: 6/6 levels left

rFire    . . .     SeeInvis .   a - +1 flail
rCold    . . .     Gourm    .   c - +1 kite shield
rNeg     . . .     Faith    .   b - +0 scale mail
rPois    .         Spirit   .   (no helmet)
rElec    .         Reflect  .   (no cloak)
rCorr    .         Harm     .   (no gloves)
MR       .....                  (no boots)
Stlth    ..........             (no amulet)
HPRegen  0.16/turn              (no ring)
MPRegen  0.10/turn              (no ring)

@: no status effects
A: small, carnivore
a: no special abilities


You were on level 5 of the Dungeon.
You were completely stuffed.

You visited 1 branch of the dungeon, and saw 5 of its levels.

You collected 181 gold pieces.

Inventory:

Hand Weapons
 a - a +1 flail (weapon)
Armour
 b - a +0 scale mail (worn)
 c - a +1 kite shield (worn)
 j - a +0 helmet
   (You found it on level 1 of the Dungeon)
 r - a +0 plate armour
   (You found it on level 1 of the Dungeon)
 t - a +0 chain mail of cold resistance
   (You took it off Ijyb on level 3 of the Dungeon)
Jewellery
 q - an uncursed amulet of magic regeneration
   (You found it on level 1 of the Dungeon)
Wands
 w - a wand of polymorph (6)
   (You took it off Grinder on level 3 of the Dungeon)
Scrolls
 e - a scroll of fog {unknown}
 g - 5 scrolls of remove curse
 h - a scroll of teleportation {unknown}
 l - a scroll of enchant armour
 m - a scroll of enchant weapon
 s - a scroll of amnesia
 u - a scroll of magic mapping {unknown}
 v - a scroll of identify
 y - a scroll of immolation {unknown}
 A - a scroll of blinking {!r}
Potions
 d - a potion of cancellation
 i - a potion of mutation {unknown}
 k - 2 potions of brilliance
 n - a potion of invisibility {unknown}
 p - a potion of degeneration {unknown}
 x - a potion of curing
 z - a potion of magic
Comestibles
 f - 6 rations


   Skills:
 * Level 7.9 Fighting
 - Level 1.7 Maces & Flails
 + Level 4.5 Armour
 - Level 2.4 Shields


You had 6 spell levels left.
You didn't know any spells.
Your spell library was empty.

Dungeon Overview and Level Annotations

Branches:
Dungeon (5/15)
 Temple: D:4-7

Altars:
Makhleb
Okawaru
Trog
Xom

Annotations:
D:3 exclusions: door and 1 more exclusion, Sigmund
D:5 Blork the orc


Innate Abilities, Weirdness & Mutations

You are small and have problems with some larger weapons.
You are carnivorous and can eat meat at any time.


Message History

A quokka is nearby!
You thump the quokka!
You kill the quokka!
No target in view!
No target in view!
f - 6 rations (gained 1) All of the chunks of flesh in your inventory have rotted away.
Blork the orc comes into view.
He is wielding a +0 flail.
Blork the orc shouts!
Blork the orc moves out of view.
Aim: Blork the orc, wielding a +0 flail and wearing a +0 robe (chance to defeat MR: 46%) Blork the orc resists with some effort.
Blork the orc gestures at you while chanting.
The puff of flame hits you.
You take 3 damage, and have 45/48 hp.
Aim: Blork the orc, wielding a +0 flail and wearing a +0 robe (chance to defeat MR: 46%) Blork the orc evaporates and reforms as a big kobold!
Blork picks up a +0 flail.
Blork wields a +0 flail.
Blork hits you with a +0 flail.
You take 1 damage, and have 44/48 hp.
You barely miss Blork. Blork hits you with a +0 flail!
You take 9 damage, and have 35/48 hp.
There is a stone staircase leading down here.
Blork hits you with a +0 flail.
You climb downwards.
A ball python skeleton comes into view.
There is a stone staircase leading up here.
You take 6 damage, and have 30/48 hp.
You closely miss Blork. Blork hits you with a +0 flail.
You take 1 damage, and have 29/48 hp.
You hit Blork. You block Blork's attack.
You hit Blork. Blork hits you but does no damage.
The ball python skeleton bites you but does no damage.
The ball python skeleton grabs you.
The ball python skeleton constricts you.
The ball python skeleton bites you.
The ball python skeleton constricts you.
Blork hits you but does no damage.
You take 2 damage, and have 27/48 hp.
You escape the ball python skeleton's grasp. 2 gnolls come into view.
The gnoll shouts! x2; You hear an angry hiss.
You hear a shout!
An adder comes into view.
The adder moves out of view.
Your shield prevents you from hitting Blork.
You block Blork's attack.
You hit Blork but do no damage. You block Blork's attack. The adder bites you.
You take 2 damage, and have 26/48 hp.
You barely miss Blork. You block the adder's attack. You block Blork's attack.
The adder closely misses you.
You barely miss Blork.
A worker ant comes into view.
Blork barely misses you.
The adder bites you but does no damage. x2
Your shield prevents you from hitting Blork.
Blork hits you with a +0 flail. You block the adder's attack.
Blork hits you with a +0 flail.
You take 5 damage, and have 21/48 hp.
Okay, then.
Unknown command.
You miss Blork. You block the adder's attack.
A gnoll comes into view. It is wielding a +0 flail.
You block the adder's attack. You block Blork's attack.
The gnoll shouts!
You sock Blork! The adder bites you. You block Blork's attack.
A gnoll comes into view.
You block the adder's attack.
You take 1 damage, and have 20/48 hp.
You miss Blork.
The gnoll shouts!
The adder bites you but does no damage. Blork barely misses you.
You block the adder's attack.
Your shield and scale mail prevent you from hitting Blork.
The adder barely misses you. You block Blork's attack.
You closely miss Blork. The adder bites you but does no damage.
Blork hits you with a +0 flail. The adder bites you.
* * * LOW HITPOINT WARNING * * *
You take 6 damage, and have 14/48 hp.
You closely miss the adder. The adder bites you but does no damage.
Blork hits you but does no damage. The adder bites you.
* * * LOW HITPOINT WARNING * * *
Blork hits you with a +0 flail.
* * * LOW HITPOINT WARNING * * *
You take 8 damage, and have 6/48 hp.
You barely miss the adder. You block the adder's attack.
The adder bites you but does no damage. Blork hits you with a +0 flail.
* * * LOW HITPOINT WARNING * * *
You take 1 damage, and have 5/48 hp.
You miss the adder. The adder barely misses you. Blork barely misses you.
The adder barely misses you.
You hit Blork. The adder bites you but does no damage.
Blork hits you with a +0 flail.
* * * LOW HITPOINT WARNING * * *
You take 1 damage, and have 4/48 hp.
You hit Blork.
You block the adder's attack. x2; You block Blork's attack.
Your shield and scale mail prevent you from hitting Blork.
The adder bites you but does no damage. You block Blork's attack.
The adder bites you but does no damage.
Your scale mail prevents you from hitting Blork.
You block the adder's attack. Blork hits you with a +0 flail.
You die...

.. #. . #. .#
#. ..# #. ....
######. ....
.......####.g#


#.ZK@Sgg# #.#####.# #. #. #. #. #. #. You could see Blork the big kobold, 3
gnolls, an adder and a ball python skeleton.

Vanquished Creatures
  Grinder (D:3)
  An ice beast (D:3)
  An ogre (D:4)
  A scorpion (D:4)
  A crimson imp (D:3)
  Ijyb (D:3)
  An orc wizard (D:3)
  A hound skeleton (D:3)
  7 adders
  An ooze (D:2)
  An adder skeleton (D:4)
  A worm (D:3)
  2 dart slugs (D:2)
  5 leopard geckos
  6 orcs
  5 bats (D:2)
  2 giant cockroaches (D:2)
  8 goblins
  10 hobgoblins
  3 jackals (D:4)
  2 quokkas (D:4)
  A ball python skeleton (D:4)
  2 frilled lizards (D:3)
  7 kobolds
  7 rats
78 creatures vanquished.

Vanquished Creatures (others)
  A frilled lizard (D:3)
1 creature vanquished.

Grand Total: 79 creatures vanquished

Notes
Turn   | Place    | Note
-------+----------+-------------------------------------------
     0 | D:1      | hehateme the Kobold Fighter began the quest for the Orb.
     0 | D:1      | Reached XP level 1. HP: 14/14 MP: 1/1
   357 | D:1      | Reached XP level 2. HP: 19/19 MP: 2/2
  1278 | D:2      | Found an iron altar of Okawaru.
  1286 | D:2      | Found a bloodstained altar of Trog.
  1293 | D:2      | Reached skill level 4 in Fighting
  1333 | D:2      | Reached XP level 3. HP: 24/24 MP: 3/3
  1661 | D:2      | Reached XP level 4. HP: 30/30 MP: 4/4
  1670 | D:2      | Reached skill level 3 in Armour
  1986 | D:2      | HP: 7/30 [kobold (2)]
  2455 | D:2      | Reached skill level 5 in Fighting
  2579 | D:2      | You fall into a shaft and drop 2 floors!
  2608 | D:4      | Noticed an ogre
  2635 | D:3      | Noticed an ice beast
  2644 | D:3      | HP: 7/31 [poisoned by an adder]
  2645 | D:3      | Reached XP level 5. HP: 7/35 MP: 5/5
  2652 | D:3      | Killed an ice beast
  2911 | D:3      | Reached XP level 6. HP: 39/41 MP: 6/6
  2927 | D:3      | HP: 7/41 [something/magic dart (5)]
  2930 | D:3      | Reached skill level 6 in Fighting
  3617 | D:3      | Noticed Sigmund
  3911 | D:3      | Noticed Grinder
  4050 | D:3      | Noticed Ijyb
  4080 | D:3      | Killed Ijyb
  4120 | D:3      | Found a burning altar of Makhleb.
  4146 | D:3      | Paralysed by a crimson imp for 5 turns
  4216 | D:3      | Found a shimmering altar of Xom.
  4250 | D:3      | Paralysed by Grinder for 6 turns
  4262 | D:3      | Killed Grinder
  4262 | D:3      | Reached skill level 7 in Fighting
  4262 | D:3      | Reached skill level 4 in Armour
  4262 | D:3      | Reached XP level 7. HP: 48/48 MP: 7/7
  4530 | D:3      | Noticed Sigmund
  4530 | D:3      | Sigmund changed into Sigmund the swamp drake
  4541 | D:3      | HP: 11/48 [Sigmund the swamp drake (6)]
  4549 | D:3      | HP: 9/48 [Sigmund the swamp drake] (1)]
  4557 | D:3      | HP: 7/48 [Sigmund the swamp drake (3)]
  4562 | D:3      | HP: 11/48 [Sigmund the swamp drake] (2)]
  4563 | D:3      | HP: 3/48 [Sigmund the swamp drake (7)]
  4569 | D:3      | HP: 2/48 [Sigmund the swamp drake] (1)]
  4581 | D:3      | HP: 2/48 [Sigmund the swamp drake] (2)]
  4586 | D:3      | HP: 11/48 [Sigmund the swamp drake] (1)]
  4591 | D:3      | HP: 11/48 [Sigmund the swamp drake] (1)]
  5914 | D:4      | Noticed Blork the orc
  5924 | D:4      | Noticed Blork
  5924 | D:4      | Blork the orc changed into Blork the big kobold
  5939 | D:5      | Entered Level 5 of the Dungeon
  5955 | D:5      | HP: 12/48 [adder (2)]
  5956 | D:5      | HP: 5/48 [Blork the big kobold/+0 flail (1)]
  5961 | D:5      | Slain by Blork the big kobold

Illustrated notes

Levels and vault maps discovered:
D:1:      minmay_arrival_pointy, layout_basic, minivault_4
D:2:      minmay_razor_zed, layout_basic, okawaru_gym_becter, bloody_trog
D:3:      layout_loops_corners, grunt_temple_overflow_champion_of_chaos,
          uniq_sigmund, uniq_ijyb, uniq_grinder
D:4:      layout_loops_ring, minmay_temple_entry_mist, first_ration,
          uniq_blork_the_orc
D:5:      layout_loops_ring

Skill      XL: |  1  2  3  4  5  6 |
---------------+-------------------+-----
Fighting       | 4 5 7 |  7.9
Armour         | 3 4 |  4.5
Maces & Flails | |  1.7
Shields        | |  2.4

Action                   |  1- 3 |  4- 6 |  7- 9 || total
-------------------------+-------+-------+-------++-------
Melee: Flail             |    71 |   198 |    70 ||   339
       Unarmed           |       |     6 |       ||     6
Evoke: Wand              |       |     2 |     9 ||    11
  Use: Potion            |       |     2 |     2 ||     4
       Scroll            |       |     8 |     2 ||    10
  Eat: Chunk             |    11 |     8 |     6 ||    25
Armor: Scale mail        |    29 |   103 |    30 ||   162
       Skin              |       |     3 |       ||     3
Dodge: Dodged            |    27 |    83 |    31 ||   141
Block: Kite shield       |    48 |    98 |    45 ||   191

Levels and vault maps discovered:
D:1:      minmay_arrival_pointy, layout_basic, minivault_4
D:2:      minmay_razor_zed, layout_basic, okawaru_gym_becter, bloody_trog
D:3:      layout_loops_corners, grunt_temple_overflow_champion_of_chaos,
          uniq_sigmund, uniq_ijyb, uniq_grinder
D:4:      layout_loops_ring, minmay_temple_entry_mist, first_ration,
          uniq_blork_the_orc
D:5:      layout_loops_ring

Table legend:
 A = Turns spent in this place as a percentage of turns spent in the entire game.
 B = Non-inter-level travel turns spent in this place as a percentage of non-inter-level travel turns spent in the entire game.
 C = Inter-level travel turns spent in this place as a percentage of turns spent in this place.
 D = Turns resting spent in this place as a percentage of non-inter-level travel turns spent in this place.
 E = Turns spent auto-exploring this place as a percentage of non-inter-level travel turns spent in this place.
 F = Non-inter-level travel turns spent in this place divided by the number of levels of this place that you've seen.
                   A       B       C       D       E      F
               +-------+-------+-------+-------+-------+----------------------
         Total | 100.0 | 100.0 |   3.9 |  26.2 |  56.1 | 1145.8
       Dungeon | 100.0 | 100.0 |   3.9 |  26.2 |  56.1 | 1145.8
               +-------+-------+-------+-------+-------+----------------------

Table legend:
 A = Kills in this place as a percentage of kills in entire the game.
 B = Kills by you in this place as a percentage of kills by you in the entire game.
 C = Kills by friends in this place as a percentage of kills by friends in the entire game.
 D = Other kills in this place as a percentage of other kills in the entire game.
 E = Experience gained in this place as a percentage of experience gained in the entire game.
 F = Experience gained in this place divided by the number of levels of this place that you have seen.
                   A       B       C       D       E      F
               +-------+-------+-------+-------+-------+----------------------
         Total | 100.0 | 100.0 |   N/A |   N/A | 100.0 | 193.0
       Dungeon | 100.0 | 100.0 |   N/A |   N/A | 100.0 | 193.0
               +-------+-------+-------+-------+-------+----------------------
